 Dungeon Crawl Stone Soup version 0.29.0-4-gdea44cf6ec (webtiles) character file.

Game seed: 14370198319837960208

21 qw the Firebug (level 2, 0/23 HPs)
             Began as a Ghoul Fire Elementalist on Aug 29, 2022.
             Slain by Natasha (8 damage)
             ... on level 2 of the Dungeon.
             The game lasted 00:00:54 (1400 turns).

qw the Firebug (Ghoul Fire Elementalist)            Turns: 1400, Time: 00:00:55

Health: 0/23       AC:  6    Str: 11    XL:     2   Next: 87%
Magic:  3/3        EV:  8    Int: 10    God:
Gold:   103        SH:  0    Dex:  9    Spells: 3/4 levels left

rFire   . . .      SeeInvis .     - Unarmed
rCold   + . .      Faith    .   (no shield)
rNeg    + + +      Spirit   .   h - +0 scale mail
rPois   inf        Reflect  .   (no helmet)
rElec   .          Harm     .   (no cloak)
rCorr   .          Rampage  .   (no gloves)
Will    .....                   (no boots)
Stlth   ..........              (no amulet)
HPRegen 0.00/turn               (no ring)
MPRegen 0.08/turn               (no ring)

@: inhibited regen
A: claws 1, cold resistance 1, negative energy resistance 3, inhibited
regeneration, torment resistance 2, devour on kill
a: no special abilities


You were on level 2 of the Dungeon.
You visited 1 branch of the dungeon, and saw 2 of its levels.

You collected 103 gold pieces.


Innate Abilities, Weirdness & Mutations

You are immune to poison.
You have sharp fingernails.
Your flesh is cold resistant. (rC+)
You are immune to negative energy. (rN+++)
You do not regenerate when monsters are visible.
You are immune to unholy pain and torment.
You thrive by killing the living.


   Skills:
 - Level 1.1 Fighting
 - Level 1.7 Dodging
 - Level 2.1 Stealth
 + Level 2.2 Unarmed Combat
 - Level 1.7 Spellcasting
 - Level 0.7 Conjurations
 - Level 2.4 Fire Magic


You had 3 spell levels left.
You knew the following spells:

 Your Spells              Type           Power      Damage    Failure   Level
a - Foxfire               Conj/Fire      16%        2x1d4     71%         1

Your spell library contained the following spells:

 Spells                   Type           Power      Damage    Failure   Level
 Scorch                   Fire           10%        2d5       75%         2
 Conjure Flame            Conj/Fire      4%         6-21      97%         3
 Inner Flame              Hex/Fire       3%         N/A       98%         3
 Flame Wave               Conj/Fire      4%         2d5       100%        4

Inventory:

Armour
 h - a +0 scale mail (worn)
Scrolls
 Y - a scroll of identify
Potions
 f - a potion of lignification {unknown}
 g - a potion of curing {unknown}

Dungeon Overview and Level Annotations

Branches:
Dungeon (2/15)

Altars:

Annotations:
D:2 Natasha


Message History

Found 18 gold pieces, a ring mail and 7 stones.
Found a stone staircase leading down.
There is a stone staircase leading up here.
Natasha is nearby!
Existing waypoints: (2) D:1 Assign waypoint to what number? (0-9, D - delete waypoint) Waypoint 1 assigned to D:2.
Enter note: You completely miss Natasha.
Natasha claws you.
You barely miss Natasha. Natasha barely misses you.
You scratch Natasha.
Natasha is lightly wounded.
You scratch Natasha.
Natasha is moderately wounded.
Natasha claws you!
You scratch Natasha.
Natasha is heavily wounded.
Natasha closely misses you.
You scratch Natasha but do no damage.
Natasha is heavily wounded.
Natasha closely misses you.
You scratch Natasha but do no damage.
Natasha is heavily wounded.
Natasha claws you but does no damage.
You miss Natasha.
Natasha is moderately wounded.
Natasha claws you.
You scratch Natasha but do no damage.
Natasha is moderately wounded.
Natasha claws you.
You scratch Natasha.
Natasha is severely wounded.
Natasha closely misses you.
You barely miss Natasha.
Natasha is severely wounded.
Natasha claws you!
You die...

#.### #....#
......# #
...(...## [#
........##.####
...............
.......h.......
...$...@.....#
..>....<.....#
.....##......#
##.# ###..### #
...$ #.### ..
..# .#


You could see Natasha.

Vanquished Creatures
  2 dart slugs (D:1)
  A goblin (D:1)
  A hobgoblin (D:1)
  3 jackals (D:1)
  2 quokkas (D:1)
  A ball python (D:1)
  3 frilled lizards (D:1)
  A kobold (D:1)
  4 rats (D:1)
18 creatures vanquished.

Notes
Turn   | Place    | Note
-------+----------+-------------------------------------------
     0 | D:1      | qw the Ghoul Fire Elementalist began the quest for the Orb.
     0 | D:1      | Reached XP level 1. HP: 14/14 MP: 2/2
     0 | D:1      | 0 ||| qw: Version: 0.1-a-90-g952f4b7
     0 | D:1      | 0 ||| qw: Game counter: 3776
     0 | D:1      | 0 ||| qw: Always use a shield: true
     0 | D:1      | 0 ||| qw: God list: Okawaru
     0 | D:1      | 0 ||| qw: Allow faded altars: false
     0 | D:1      | 0 ||| qw: Do Orc after D:15 true
     0 | D:1      | 0 ||| qw: Do second Lair branch before Depths: true
     0 | D:1      | 0 ||| qw: Lair rune preference: random
     0 | D:1      | 0 ||| qw: Plans: Normal
     0 | D:1      | 0 ||| PLANNING D:1-11
    29 | D:1      | 29 ||| Stepping ~*~*~tactically~*~*~ (hiding).
   131 | D:1      | 131 ||| Stepping ~*~*~tactically~*~*~ (hiding).
   233 | D:1      | 233 ||| Stepping ~*~*~tactically~*~*~ (hiding).
   335 | D:1      | 335 ||| Stepping ~*~*~tactically~*~*~ (hiding).
   416 | D:1      | Reached skill level 1 in Unarmed Combat
   471 | D:1      | Reached skill level 1 in Fighting
   471 | D:1      | Reached XP level 2. HP: 19/23 MP: 3/3
   811 | D:1      | 811 ||| Stepping ~*~*~tactically~*~*~ (stealth).
  1354 | D:1      | 1354 ||| UPGRADING to +0 ring mail.
  1364 | D:1      | 1364 ||| DROPPING +0 robe.
  1365 | D:1      | 1365 ||| UPGRADING to +0 scale mail.
  1375 | D:1      | 1375 ||| DROPPING +0 ring mail.
  1376 | D:1      | 1376 ||| DROPPING amulet of magic regeneration.
  1377 | D:1      | 1377 ||| DROPPING ring of wizardry.
  1378 | D:1      | 1378 ||| READING 2 scrolls labelled OTOTOBR CIBAR.
  1379 | D:1      | 1379 ||| DROPPING potion of magic.
  1388 | D:2      | Noticed Natasha
  1400 | D:2      | Slain by Natasha

Levels and vault maps discovered:
D:1:      dpeg_arrival_oval, layout_loops_ring, minmay_crystal_room
D:2:      layout_loops_cross, basic_altar, uniq_natasha

Skill      XL: |  1  2 |
---------------+-------+-----
Unarmed Combat | 1 2 |  2.2
Fighting       | 1 |  1.1
Dodging        | |  1.7
Stealth        | |  2.1
Spellcasting   | |  1.7
Conjurations   | |  0.7
Fire Magic     | |  2.4

Action                   || total
-------------------------++-------
Melee: Unarmed           ||    78
       Punch             ||     1
  Use: Scroll            ||     1
Armor: Robe              ||    12
       Scale mail        ||     1
Dodge: Dodged            ||    32

Table legend:
 A = Non-vault XP
 B = Vault XP
 C = Vault XP percentage of total XP
 D = Non-vault monster count
 E = Vault monster count
 F = Vault count percentage of total count
                 A         B        C        D         E       F
            +---------+---------+-------+---------+---------+-------
      Total |      31 |       0 |   0.0 |      18 |       0 |   0.0
            +---------+---------+-------+---------+---------+-------
        D:1 |      31 |       0 |   0.0 |      18 |       0 |   0.0
            +---------+---------+-------+---------+---------+-------
